 Dungeon Crawl Stone Soup version 0.25-a0-185-g6cfeca75b2 (webtiles) character file.

Game seed: 13261085028049273130, levelgen mode: deterministic

209 DavidChitty2 the Conjurer (level 5, -3/28 HPs)
             Began as a Deep Elf Conjurer on Nov 28, 2019.
             Killed by divine providence
             ... invoked by an orc priest
              (13 damage)
             ... on level 3 of the Dungeon.
             The game lasted 00:04:27 (2645 turns).

DavidChitty2 the Conjurer (Deep Elf Conjurer)       Turns: 2645, Time: 00:04:27

Health: -3/28      AC:  3    Str:  5    XL:     5   Next: 55%
Magic:  6/14       EV: 14    Int: 21    God:
Gold:   128        SH:  0    Dex: 15    Spells: 6/13 levels left

rFire    . . .     SeeInvis .   a - +0 dagger
rCold    . . .     Gourm    .   (no shield)
rNeg     . . .     Faith    .   d - +0 robe
rPois    .         Spirit   .   (no helmet)
rElec    .         Reflect  .   (no cloak)
rCorr    .         Harm     .   i - +0 pair of gloves
MR       .....                  (no boots)
Stlth    ++........             f - amulet of magic regeneration
HPRegen  0.09/turn              (no ring)
MPRegen  0.39/turn              (no ring)

@: no status effects
A: no striking features
a: no special abilities


You were on level 3 of the Dungeon.
You were not hungry.

You visited 1 branch of the dungeon, and saw 3 of its levels.

You collected 128 gold pieces.

Inventory:

Hand Weapons
 a - a +0 dagger (weapon)
   (You took it off a goblin on level 1 of the Dungeon)
 b - a +1 spear of freezing
   (You took it off a gnoll on level 2 of the Dungeon)
Missiles
 h - 83 stones (quivered)
 m - 16 sling bullets
Armour
 d - a +0 robe (worn)
 i - a +0 pair of gloves (worn)
   (You found it on level 1 of the Dungeon)
Jewellery
 c - an uncursed ring of protection from magic {unknown}
   (You found it on level 2 of the Dungeon)
 f - an amulet of magic regeneration (around neck)
   (You found it on level 1 of the Dungeon)
Scrolls
 g - a scroll of enchant armour {unknown}
 j - a scroll of teleportation {unknown}
 k - a scroll of immolation {unknown}
 l - a scroll of amnesia {unknown}
 n - 4 scrolls of remove curse {unknown}
 o - 2 scrolls of fog {unknown}
 p - a scroll of blinking {unknown}
 q - 3 scrolls of identify {unknown}
 s - a scroll of enchant weapon {unknown}
Potions
 t - a potion of brilliance {unknown}
 u - a potion of cancellation {unknown}
 v - a potion of curing {unknown}
Comestibles
 e - 3 rations {!d}
 r - a chunk of flesh


   Skills:
 + Level 4.0 Dodging
 - Level 2.4 Stealth
 + Level 4.7 Spellcasting
 * Level 6.1 Conjurations


You had 6 spell levels left.
You knew the following spells:

 Your Spells              Type           Power        Failure   Level  Hunger
a - Magic Dart            Conj           ####         1%          1    None
s - Searing Ray           Conj           ####..       1%          2    None
x - Iskenderun's Mystic   Conj           ####....     9%          4    ####...

Your spell library contained the following spells:

 Spells                   Type           Power        Failure   Level  Hunger
 Dazzling Spray           Conj/Hex       ###...       10%         3    ##.....
 Force Lance              Conj/Tloc      ###.....     30%         4    ####...
 Fulminant Prism          Conj/Hex       ###.......   30%         4    ####...


Dungeon Overview and Level Annotations

Branches:
Dungeon (3/15)

Altars:
Gozag

Annotations:
D:3 3 runed translucent doors


Message History

A leopard gecko is nearby!
A leopard gecko is nearby!
Aim: a leopard gecko (resting)
The magic dart hits the leopard gecko.
You kill the leopard gecko!
You can't see any susceptible monsters within range! (Use Z to cast anyway.)
You can't see any susceptible monsters within range! (Use Z to cast anyway.)
You can't see any susceptible monsters within range! (Use Z to cast anyway.)
You start resting.
An orc wizard comes into view. It is wielding a +0 dagger.
Found 15 gold pieces.
An orc wizard is nearby!
Aim: an orc wizard, wielding a +0 dagger and wearing a +0 robe (resting)
The magic dart hits the orc wizard.
The orc wizard shouts!
You hear a shout! x2
An adder comes into view.
An orc priest comes into view. It is wielding a +0 trident.
Aim: an orc wizard, wielding a +0 dagger and wearing a +0 robe (lightly wounded)
The magic dart hits the orc wizard.
The adder hisses angrily.
Aim: an adder The searing ray misses the adder. (Press . to maintain the ray.)
The searing ray misses the adder.
The searing ray hits the adder.
The adder closely misses you.
The searing ray misses the adder.
The searing ray hits the orc wizard!
You finish channeling your searing ray.
The adder barely misses you.
The orc wizard casts a spell.
The orc wizard seems to speed up.
Aim: an adder (moderately wounded)
The magic dart hits the adder.
The adder barely misses you.
Aim: an adder (almost dead)
The magic dart hits the adder.
You kill the adder!
Your Conjurations skill increases to level 6!
The orc priest calls down the wrath of Beogh upon you.
Beogh smites you!
Ouch! That really hurt!
* * * LOW HITPOINT WARNING * * *
The orc wizard gestures at you while chanting.
The magic dart hits you.
* * * LOW HITPOINT WARNING * * *
Aim: an orc wizard, wielding a +0 dagger and wearing a +0 robe (almost dead, fast)
The searing ray hits the orc wizard.
You kill the orc wizard!
Your Dodging skill increases to level 4! (Press . to maintain the ray.)
The orc priest mumbles some strange prayers to Beogh against you.
Beogh smites you!
You die...

...............#
...............#
...............#
...####'########
#### #....#
####.# #.# #
#.#######.#
#...o.)@..#
.......##########
..?.... .......
....... ......o
.....o. ......$


You could see an orc priest.

Vanquished Creatures
  An orc wizard (D:3)
  3 gnolls (D:2)
  4 adders
  An ooze (D:3)
  5 worms
  5 leopard geckos
  4 orcs (D:3)
  4 ball pythons
  5 giant cockroaches
  8 goblins
  8 hobgoblins
  5 jackals (D:1)
  8 bats
  9 frilled lizards
  12 kobolds
  4 rats
86 creatures vanquished.

Notes
Turn   | Place    | Note
-------+----------+-------------------------------------------
     0 | D:1      | DavidChitty2 the Deep Elf Conjurer began the quest for the
                  | Orb.
     0 | D:1      | Reached XP level 1. HP: 10/10 MP: 6/6
   290 | D:1      | Reached XP level 2. HP: 15/15 MP: 1/8
   530 | D:1      | Learned a level 2 spell: Searing Ray
   700 | D:1      | Reached skill level 5 in Conjurations
   707 | D:1      | Reached XP level 3. HP: 19/19 MP: 8/10
  1704 | D:2      | Reached XP level 4. HP: 24/24 MP: 7/12
  1721 | D:2      | Learned a level 4 spell: Iskenderun's Mystic Blast
  2242 | D:2      | Reached XP level 5. HP: 26/28 MP: 7/13
  2443 | D:3      | Found a runed translucent gate.
  2444 | D:3      | Found a runed translucent gate.
  2445 | D:3      | Found a runed translucent gate.
  2447 | D:3      | Found an opulent altar of Gozag.
  2644 | D:3      | Reached skill level 6 in Conjurations
  2645 | D:3      | Killed from afar by an orc priest

Levels and vault maps discovered:
D:1:      tarquinn_simple_flora_water_a, layout_loops_ring,
          minmay_split_cup_small
D:2:      minmay_wonky_spiral, layout_loops_ring
D:3:      layout_basic, first_ration, ebering_ghost_gozag,
          kennysheep_minor_cross

Skill      XL: |  1  2  3  4  5 |
---------------+----------------+-----
Conjurations   | 5 6 |  6.1
Dodging        | 3 4 |  4.0
Spellcasting   | 4 |  4.7
Stealth        | |  2.4

Action                   |  1- 3 |  4- 6 || total
-------------------------+-------+-------++-------
 Cast: Magic Dart        |   104 |    66 ||   170
       Searing Ray       |       |     5 ||     5
  Eat: Chunk             |     2 |     3 ||     5
Armor: Robe              |     3 |     4 ||     7
Dodge: Dodged            |    10 |    11 ||    21

Table legend:
 A = Non-vault XP
 B = Vault XP
 C = Vault XP percentage of total XP
 D = Non-vault monster count
 E = Vault monster count
 F = Vault count percentage of total count
                 A         B        C        D         E       F
            +---------+---------+-------+---------+---------+-------
      Total |     277 |      22 |   7.4 |      79 |       7 |   8.1
            +---------+---------+-------+---------+---------+-------
        D:1 |      55 |       4 |   6.8 |      30 |       3 |   9.1
        D:2 |     119 |      18 |  13.1 |      30 |       4 |  11.8
        D:3 |     103 |       0 |   0.0 |      19 |       0 |   0.0
            +---------+---------+-------+---------+---------+-------
